 Dungeon Crawl Stone Soup version 0.30-a0-772-g5528072125 (webtiles) character file.

Game seed: 10225701710422139393

849 NinjaNoafa the Spear-Bearer (level 8, 0/66 HPs)
             Began as a Hill Orc Fighter on Feb 12, 2023.
             Was an Initiate of the Shining One.
             Slain by an ogre
             ... wielding a +0 giant club
              (24 damage)
             ... on level 5 of the Dungeon.
             The game lasted 00:18:04 (3042 turns).

NinjaNoafa the Spear-Bearer (Hill Orc Fighter)      Turns: 3042, Time: 00:18:04

Health: 0/66       AC: 13    Str: 21    XL:     8   Next: 1%
Magic:  8/8        EV:  7    Int:  8    God:    the Shining One [......]
Gold:   283        SH:  4    Dex: 10    Spells: 7/7 levels left

rFire   . . .      SeeInvis .    a - +0 trident
rCold   . . .      Faith    .    c - +0 buckler
rNeg    . . .      Spirit   .    d - +0 chain mail
rPois   .          Reflect  .    (no helmet)
rElec   .          Harm     .    (no cloak)
rCorr   .          Rampage  .    (no gloves)
Will    .....                    (no boots) Stlth
                                 (no amulet)
HPRegen 0.31/turn                s - ring of wizardry
MPRegen 0.11/turn                z - +4 ring of protection

@: glowing
A: no striking features
a: Renounce Religion


You were on level 5 of the Dungeon.
You worshipped the Shining One.
The Shining One was noncommittal.
You visited 2 branches of the dungeon, and saw 6 of its levels.

You collected 283 gold pieces.

Inventory:

Hand Weapons
 a - a +0 trident (weapon)
Missiles
 t - 3 poisoned darts (quivered)
Armour
 c - a +0 buckler (worn)
 d - a +0 chain mail (worn)
Jewellery
 s - a ring of wizardry (left hand)
 z - a +4 ring of protection (right hand)
Wands
 p - a wand of light (4)
 x - a wand of digging (5)
Scrolls
 f - a scroll of fear {unknown}
 h - a scroll of amnesia {unknown}
 k - a scroll of blinking {unknown}
 l - a scroll of summoning {unknown}
 n - 5 scrolls of teleportation
 o - 2 scrolls of poison
 q - a scroll of magic mapping {unknown}
 y - a scroll of immolation {unknown}
Potions
 b - 2 potions of curing
 e - 3 potions of mutation
 g - 2 potions of brilliance
 i - 3 potions of heal wounds
 j - a potion of ambrosia
 m - a potion of berserk rage {unknown}
 r - a potion of magic {unknown}
 u - a potion of flight {unknown}
 v - 3 potions of degeneration
 w - a potion of haste {unknown}


   Skills:
 - Level 4.0 Fighting
 + Level 9.7 Polearms
 - Level 3.2 Armour
 - Level 3.2 Shields


You had 7 spell levels left.
You didn't know any spells.
Your spell library contained the following spells:

 Spells                   Type           Power      Damage    Failure   Level
 Lesser Beckoning         Tloc           0%         N/A       96%         2
 Static Discharge         Conj/Air       0%         2-2/arc   96%         2
 Gell's Gravitas          Tloc           0%         N/A       99%         3
 Teleport Other           Tloc           0%         N/A       99%         3
 Vhi's Electric Charge    Tloc/Air       0%         N/A       99%         3
 Arcjolt                  Conj/Air       0%         1d10      100%        5
 Lightning Bolt           Conj/Air       0%         1d11      100%        5


Dungeon Overview and Level Annotations

Branches:
Dungeon (5/15)             Temple (1/1) D:5

Altars:
Cheibriados
Dithmenos
Fedhas
Gozag
Hepliaklqana
Kikubaaqudgha
Makhleb
Nemelex Xobeh
Okawaru
Qazlal
Ru
Sif Muna
Trog
Vehumet
Xom
Yredelemnul
Zin
The Shining One


Message History

The ice beast is moderately wounded.
Unknown command.
You barely miss the ice beast.
The ice beast is moderately wounded.
You hit the ice beast but do no damage.
The ice beast is moderately wounded.
The ice beast hits you but does no damage.
The ice beast hits you but does no damage.
The ice beast attacks as you move away! The ice beast closely misses you.
You closely miss the ice beast.
The ice beast is moderately wounded.
The ice beast hits you but does no damage.
The ice beast attacks as you move away! You block the ice beast's attack.
The ogre hits you with a +0 giant club! The ogre attacks as you move away!
The ogre hits you with a +0 giant club!!
* * * LOW HITPOINT WARNING * * *
You hit the ice beast but do no damage.
The ice beast is moderately wounded.
The ice beast hits you but does no damage.
You hit the ice beast.
The ice beast is heavily wounded.
The ice beast hits you but does no damage.
You hit the ice beast.
The ice beast is severely wounded.
The ice beast hits you but does no damage.
You hit the ice beast.
The ice beast is severely wounded.
You block the ice beast's attack. The ogre barely misses you.
Aiming: Bolt of Light
Press: ? - help, Shift-Dir - straight line, f/p - ice beast
Aim: an ice beast (severely wounded, 71% to hit)
The bolt of light hits the ogre!
The ogre is moderately wounded.
The ogre is blinded.
The bolt of light misses the ice beast.
The ogre barely misses you.
You puncture the ogre!
The ogre is severely wounded.
The ogre hits you with a +0 giant club!!
You die...

.. ...# ## . $....##....
#.... ........... #....#
#..........####.....#
#...................#
#........#.........# ###
#.......###........##....
.........###............. #
...........##@...........
........####...OY..........
....... ###.............
..### #.........## .##
#..###..†## # #.## #..## #
#..# ##.### # #.## #...###
.. #.....###


You could see an ice beast and an ogre (blind).

Vanquished Creatures
  Sigmund (D:2)
  A black bear (D:4)
  An ogre (D:5)
  2 scorpions
  A necrophage (D:4)
  An orc priest (D:4)
  2 hounds
  Jessica (D:2)
  2 orc wizards (D:4)
  3 gnolls (D:2)
  7 adders
  2 orcs (D:4)
  6 ball pythons
  6 bats
  5 endoplasms
  7 giant cockroaches
  2 hobgoblins
  4 jackals (D:2)
  4 quokkas
  2 frilled lizards
  8 goblins
  13 kobolds
  3 rats (D:2)
84 creatures vanquished.

Notes
Turn   | Place    | Note
-------+----------+-------------------------------------------
     0 | D:1      | NinjaNoafa the Hill Orc Fighter began the quest for the
                  | Orb.
     0 | D:1      | Reached XP level 1. HP: 19/19 MP: 1/1
   274 | D:1      | Reached XP level 2. HP: 26/26 MP: 2/2
   295 | D:1      | Reached skill level 3 in Polearms
   500 | D:1      | Reached XP level 3. HP: 30/31 MP: 3/3
   694 | D:2      | Reached skill level 4 in Polearms
   747 | D:2      | Noticed Jessica
   753 | D:2      | Killed Jessica
   754 | D:2      | Reached XP level 4. HP: 38/39 MP: 4/4
   757 | D:2      | Noticed Sigmund
   766 | D:2      | Killed Sigmund
   767 | D:2      | Reached skill level 6 in Polearms
   767 | D:2      | Reached XP level 5. HP: 45/45 MP: 5/5
   767 | D:2      | Reached XP level 6. HP: 51/51 MP: 6/6
   967 | D:2      | HP: 2/51 [quokka (4)]
  1104 | D:2      | Identified the +1 dagger of Gin and Tonic {protect, rC-
                  | Str+5 Dex+3}
  1516 | D:3      | Reached skill level 7 in Polearms
  1659 | D:3      | Identified the +0 robe "Sealar" {rElec rCorr Str-2}
  2095 | D:4      | Noticed a black bear
  2109 | D:4      | Killed a black bear
  2110 | D:4      | Reached XP level 7. HP: 32/59 MP: 7/7
  2180 | D:4      | Reached skill level 8 in Polearms
  2516 | D:5      | Entered Level 5 of the Dungeon
  2545 | D:5      | Reached skill level 9 in Polearms
  2874 | D:5      | Found a staircase to the Ecumenical Temple.
  2884 | Temple   | Entered the Ecumenical Temple
  2963 | Temple   | Became a worshipper of the Shining One
  3017 | D:5      | Reached XP level 8. HP: 60/66 MP: 8/8
  3042 | D:5      | Slain by an ogre

Illustrated notes

Levels and vault maps discovered:
D:1:      saegor_arrival_simple_a, layout_basic, serial_bayou_pond_d
D:2:      layout_basic, basic_altar, nicolae_half_adder, uniq_jessica,
          uniq_sigmund
D:3:      layout_loops_ring
D:4:      layout_cave_pools, minmay_increasing_density
D:5:      layout_layer_cave, minmay_temple_entry_mist
Temple:   mainiacjoe_temple_coin_purse

Skill      XL: |  1  2  3  4  5  6  7 |
---------------+----------------------+-----
Polearms       | 3 4 6 7 9 |  9.7
Fighting       | 4 |  4.0
Armour         | |  3.2
Shields        | |  3.2

Action                     |  1- 3 |  4- 6 |  7- 9 || total
---------------------------+-------+-------+-------++-------
  Melee: Trident           |   105 |   139 |   108 ||   352
  Throw: Throwing net      |       |     1 |       ||     1
  Evoke: Wand              |       |     2 |     3 ||     5
    Use: Scroll            |     3 |     4 |     1 ||     8
         Potion            |       |     1 |     1 ||     2
   Stab: Invisible         |       |       |     1 ||     1
 Armour: Scale mail        |    39 |    25 |       ||    64
         Chain mail        |       |    33 |    65 ||    98
  Dodge: Dodged            |    42 |    49 |    39 ||   130
  Block: Buckler           |    26 |    24 |    19 ||    69

Table legend: (Time is in decaauts)
 A = Elapsed time spent in this place.
 B = Non-inter-level travel time spent in this place.
 C = Inter-level travel time spent in this place.
 D = Time resting spent in this place.
 E = Time spent auto-exploring this place.
 F = Levels seen in this place.
 G = Mean time per level.
                   A        B        C        D        E       F      G
               +--------+--------+--------+--------+--------+-----+--------+
         Total |   3050 |   2552 |    498 |      0 |    272 |   6 |  508.3 |
       Dungeon |   2959 |   2473 |    486 |      0 |    271 |   5 |  591.8 |
        Temple |     91 |     79 |     12 |      0 |      1 |   1 |   91.0 |
               +--------+--------+--------+--------+--------+-----+--------+

Top non-repeatable levels by time:
     D:2: 833 daAuts
     D:1: 649 daAuts
     D:4: 582 daAuts
     D:3: 462 daAuts
     D:5: 431 daAuts
  Temple: 91 daAuts
